 Dungeon Crawl Stone Soup version 0.25.0-41-g26779e291d (webtiles) character file.

Game seed: 361409100533038551

702 Ethylacetat the Firebug (level 7, -2/41 HPs)
             Began as an Octopode Fire Elementalist on July 10, 2020.
             Slain by an unseen horror (3 damage)
             ... on level 5 of the Dungeon.
             The game lasted 00:12:42 (5237 turns).

Ethylacetat the Firebug (OpFE)                      Turns: 5237, Time: 00:12:43

Health: -2/41      AC:  1    Str:  8    XL:     7   Next: 66%
Magic:  8/12       EV: 13    Int: 19    God:
Gold:   155        SH:  0    Dex: 12    Spells: 12/13 levels left

rFire    . . .     SeeInvis .   p - +4 quarterstaff (chaos)
rCold    . . .     Gourm    .   (shield currently unavailable)
rNeg     + . .     Faith    .   (helmet restricted)
rPois    .         Spirit   .   (no amulet)
rElec    .         Reflect  .   g - ring of positive energy (curse)
rCorr    .         Harm     .   (no ring)
MR       .....                  (no ring)
Stlth    +++.......             (no ring)
HPRegen  0.13/turn              (no ring)
MPRegen  0.13/turn              (no ring)
                                (no ring)
                                (no ring)

@: no status effects
A: almost no armour, stealthy swim, amphibious, 8 rings, constrict 8, camouflage
1, gelatinous body 1
a: no special abilities


You were on level 5 of the Dungeon.
You were not hungry.

You visited 1 branch of the dungeon, and saw 5 of its levels.

You collected 155 gold pieces.

Inventory:

Hand Weapons
 p - a +4 quarterstaff of chaos (weapon)
Jewellery
 g - a cursed ring of positive energy (left tentacle)
 r - an uncursed amulet of the acrobat {unknown}
Wands
 o - a wand of polymorph (3)
Scrolls
 a - a scroll of immolation {unknown}
 c - 2 scrolls of amnesia {unknown}
 d - 2 scrolls of teleportation {unknown}
 e - 2 scrolls of blinking {unknown}
 j - a scroll of remove curse {unknown}
 k - 2 scrolls of enchant armour {unknown}
 l - 3 scrolls of enchant weapon {unknown}
 m - 2 scrolls of fog {unknown}
 v - a scroll of noise {unknown}
 w - a scroll of identify {unknown}
Potions
 f - a potion of invisibility {unknown}
 h - a potion of stabbing {unknown}
 i - 2 potions of haste
 n - a potion of heal wounds {unknown}
 q - a potion of magic {unknown}
 s - 2 potions of lignification {unknown}
 u - a potion of ambrosia {unknown}
 x - a potion of resistance {unknown}
 z - a potion of might {unknown}
Comestibles
 b - 8 rations
 t - a chunk of flesh


   Skills:
 - Level 2.0 Dodging
 - Level 2.6 Stealth
 + Level 3.8 Spellcasting
 * Level 5.1 Conjurations
 * Level 6.0 Fire Magic


You had 12 spell levels left.
You knew the following spells:

 Your Spells              Type           Power        Failure   Level  Hunger
a - Foxfire               Conj/Fire      ###.         1%          1    None

Your spell library contained the following spells:

 Spells                   Type           Power        Failure   Level  Hunger
 Conjure Flame            Conj/Fire      ###.....     4%          3    ###....
 Inner Flame              Hex/Fire       ###.....     12%         3    ###....
 Sticky Flame             Conj/Fire      ###.....     14%         4    ####...
 Fireball                 Conj/Fire      ###.......   36%         5    ######.


Dungeon Overview and Level Annotations

Branches:
Dungeon (5/15)
 Temple: D:4-7

Altars:
Fedhas
Hepliaklqana
Sif Muna
Vehumet
Wu Jian
Yredelemnul
The Shining One

Portals:
Abyss: D:4

Annotations:
D:4 2 transporters, Necrophagist's ghost, amateur OpTm


Innate Abilities, Weirdness & Mutations

You cannot wear most types of armour.
You are very stealthy in the water. (Stealth+)
You are amphibious.
You can wear up to eight rings at the same time.
You can use your tentacles to constrict eight enemies at once.
Your skin changes colour to match your surroundings (Stealth+).
Your rubbery body absorbs attacks. (AC +1, EV +1)


Message History

The sky beast is moderately wounded.
The sky beast flickers out of sight!
Deactivating autopickup; reactivate with Ctrl-A.
Something hits you. Something shocks you.
* * * LOW HITPOINT WARNING * * *
Something hits you but does no damage.
You sock something! You freeze something.
A sky beast appears from thin air!
Reactivating autopickup.
The sky beast hits you but does no damage.
You hit the sky beast.
The sky beast evaporates and reforms as something you cannot see!
You squeeze something. Something hits you!
* * * LOW HITPOINT WARNING * * *
Deactivating autopickup; reactivate with Ctrl-A.
Something completely misses you.
There is a stone staircase leading down here.
Casting: Foxfire (safe; 1% risk of failure)
Confirm with . or Enter, or press ? or * to list all spells.
You conjure some foxfire!
Something hits you.
You die...

#.#####<# #.......####
#.#........#
#.#.######.# #.#.#.
..#.# ####.#.#. #.#.#
#....#.#..#.#.#
#.##.#.#..#v#.######
####.####.#<.{@.........
#.........#..)v#.#######
#.#....).......#§#
#.##....(......#§#
#.##.#########.#§#
#.##.# #.#v# #.##.#
#.#.# #.##.# #.#.#
###.##.# #.#


There were no monsters in sight!

Vanquished Creatures
  Sigmund (D:3)
  A centaur (D:5)
  Crazy Yiuf (D:2)
  An orc priest (D:3)
  3 orc wizards (D:4)
  Terence (D:2)
  2 worker ants
  5 gnolls
  8 adders
  5 oozes
  4 worms
  2 dart slugs
  3 leopard geckos
  8 orcs
  A ball python (D:1)
  9 bats
  3 giant cockroaches
  10 goblins
  11 hobgoblins
  2 jackals (D:2)
  4 kobolds
  A quokka (D:4)
  4 frilled lizards
  7 rats
97 creatures vanquished.

Vanquished Creatures (others)
  281 foxfires
281 creatures vanquished.

Grand Total: 378 creatures vanquished

Notes
Turn   | Place    | Note
-------+----------+-------------------------------------------
     0 | D:1      | Ethylacetat the Octopode Fire Elementalist began the quest
                  | for the Orb.
     0 | D:1      | Reached XP level 1. HP: 11/11 MP: 3/3
   223 | D:1      | Reached XP level 2. HP: 17/17 MP: 0/5
   853 | D:1      | Reached XP level 3. HP: 21/21 MP: 3/6
  1700 | D:2      | Reached XP level 4. HP: 21/27 MP: 1/7
  1812 | D:2      | Noticed Terence
  1849 | D:2      | Killed Terence
  1849 | D:2      | Reached skill level 4 in Fire Magic
  2588 | D:2      | Reached XP level 5. HP: 31/31 MP: 6/9
  3004 | D:2      | Found a runed translucent door.
  3005 | D:2      | Noticed Crazy Yiuf
  3023 | D:2      | Killed Crazy Yiuf
  3200 | D:3      | Noticed Sigmund
  3211 | D:3      | Killed Sigmund
  3211 | D:3      | Reached skill level 5 in Fire Magic
  3211 | D:3      | Reached XP level 6. HP: 23/36 MP: 10/10
  4038 | D:3      | Found an ornate altar of the Wu Jian Council.
  4142 | D:4      | Reached XP level 7. HP: 36/41 MP: 8/12
  4892 | D:4      | Found a one-way gate to the infinite horrors of the Abyss.
  4892 | D:4      | Noticed Necrophagist's ghost (amateur OpTm)
  4925 | D:4      | Found a transporter.
  4945 | D:4      | Found a transporter.
  4994 | D:4      | Noticed a small abomination
  5101 | D:4      | Found a blossoming altar of Fedhas.
  5102 | D:4      | Found a radiant altar of Vehumet.
  5103 | D:4      | Found a hazy altar of Hepliaklqana.
  5103 | D:4      | Found a basalt altar of Yredelemnul.
  5107 | D:4      | Found a shimmering blue altar of Sif Muna.
  5108 | D:4      | Found a glowing golden altar of the Shining One.
  5160 | D:5      | Entered Level 5 of the Dungeon
  5232 | D:5      | Reached skill level 5 in Conjurations
  5232 | D:5      | Reached skill level 6 in Fire Magic
  5235 | D:5      | HP: 1/41 [something (7)]
  5237 | D:5      | Slain by an unseen horror

Illustrated notes

Levels and vault maps discovered:
D:1:      onia_arrival_handbag, layout_loops_corners, minmay_cupped
D:2:      layout_loops_ring, first_ration, minmay_pentomino_s2,
          uniq_crazy_yiuf_cottage, uniq_terence
D:3:      layout_rooms, marbit_many_paths, st_stairs_10, serial_bayou_ford_a,
          uniq_sigmund
D:4:      layout_basic, minitemple, gammafunk_ghost_abyssal_escape
D:5:      layout_basic, minmay_temple_entry_metal_lava, basic_altar,
          minmay_fountain_box, uniq_prince_ribbit1

Skill      XL: |  1  2  3  4  5  6  7 |
---------------+----------------------+-----
Conjurations   | 2 4 5 |  5.1
Fire Magic     | 4 5 6 |  6.0
Spellcasting   | 3 |  3.8
Dodging        | |  2.0
Stealth        | |  2.6

Action                   |  1- 3 |  4- 6 |  7- 9 || total
-------------------------+-------+-------+-------++-------
Melee: Unarmed           |    19 |    23 |       ||    42
       Constrict         |     3 |    10 |       ||    13
       Tentacles         |     1 |     7 |     3 ||    11
       Quarterstaff      |       |    23 |    13 ||    36
 Cast: Foxfire           |    59 |    85 |    40 ||   184
 Stab: Sleeping          |       |     1 |       ||     1
  Eat: Chunk             |     3 |     8 |     3 ||    14
Armor: Skin              |     4 |     1 |     4 ||     9
Dodge: Dodged            |    23 |    42 |    11 ||    76
